 Dungeon Crawl Stone Soup version 0.29.1-12-g30fa7ad0bf (webtiles) character file.

Game seed: 5576611307347722900

10805 Gabide the Brooding (level 11, -14/77 HPs)
             Began as a Human Monk on Jan 9, 2023.
             Was a Priest of Hepliaklqana.
             Killed from afar by a smoke demon (16 damage)
             ... with a ball of steam
             ... on level 10 of the Dungeon.
             The game lasted 00:30:26 (12265 turns).

Gabide the Brooding (Human Monk)                   Turns: 12265, Time: 00:30:28

Health: -14/77     AC: 10    Str: 11    XL:     11   Next: 99%
Magic:  5/18       EV: 18    Int: 10    God:    Hepliaklqana [***...]
Gold:   581        SH:  5    Dex: 21    Spells: 10/10 levels left

rFire   . . .      SeeInvis .   a - +6 great sword
rCold   . . .      Faith    .   (shield currently unavailable)
rNeg    . . .      Spirit   .   h - +2 robe {Will+}
rPois   .          Reflect  +   n - +0 helmet
rElec   .          Harm     .   f - +0 cloak
rCorr   .          Rampage  .   (no gloves)
Will    +....                   g - +1 pair of boots
Stlth   +++.......              x - amulet of reflection
HPRegen 0.22/turn               (no ring)
MPRegen 0.16/turn               (no ring)

@: about to teleport
A: reduced essence, iridescent scales 1, MP-powered wands
a: Renounce Religion, Recall Ancestor, Ancestor Identity, Transference


You were on level 10 of the Dungeon.
You worshipped Hepliaklqana.
Hepliaklqana was most pleased with you.
You visited 1 branch of the dungeon, and saw 10 of its levels.

You collected 581 gold pieces.

Inventory:

Hand Weapons
 a - a +6 great sword (weapon)
 b - a +0 sling
Missiles
 D - 2 throwing nets
Armour
 f - a +0 cloak (worn)
 g - a +1 pair of boots (worn)
 h - a +2 robe of willpower (worn)
 n - a +0 helmet (worn)
 z - +0 steam dragon scales
Jewellery
 x - an amulet of reflection (around neck)
Wands
 r - a wand of polymorph (4)
Scrolls
 c - 4 scrolls of teleportation
 d - 2 scrolls of magic mapping
 i - 6 scrolls of blinking
 j - a scroll of poison {unknown}
 m - 2 scrolls of amnesia
 o - a scroll of noise {unknown}
 v - 2 scrolls of butterflies {unknown}
 y - 2 scrolls of vulnerability
 B - a scroll of silence {unknown}
Potions
 e - 4 potions of mutation
 k - 2 potions of attraction
 l - a potion of berserk rage
 p - 2 potions of heal wounds
 s - 4 potions of haste
 t - a potion of magic {unknown}
 u - 2 potions of might {unknown}
 w - 2 potions of curing
 A - a potion of flight {unknown}


   Skills:
 + Level 8.2 Fighting
 + Level 8.2 Long Blades
 - Level 4.0 Polearms
 - Level 6.5 Ranged Weapons
 - Level 2.0 Armour
 + Level 8.2 Dodging
 - Level 3.0 Stealth
 + Level 10.2 Invocations


You had 10 spell levels left.
You didn't know any spells.
Your spell library contained the following spells:

 Spells                   Type           Power      Damage    Failure   Level
 Apportation              Tloc           0%         N/A       36%         1
 Necrotise                Necr           0%         1d4       36%         1
 Sandblast                Erth           0%         2d4       36%         1
 Summon Small Mammal      Summ           0%         N/A       36%         1
 Blink                    Tloc           0%         N/A       50%         2
 Passwall                 Tmut/Erth      0%         N/A       50%         2
 Call Canine Familiar     Summ           0%         N/A       75%         3
 Conjure Flame            Conj/Fire      0%         6-21      75%         3
 Gell's Gravitas          Tloc           0%         N/A       75%         3
 Ignite Poison            Fire/Tmut/Pois 0%         N/A       75%         3
 Lesser Beckoning         Tloc           0%         N/A       75%         3
 Portal Projectile        Hex/Tloc       0%         N/A       75%         3
 Stone Arrow              Conj/Erth      0%         3d7       75%         3
 Summon Guardian Golem    Hex/Summ       0%         N/A       75%         3
 Teleport Other           Tloc           0%         N/A       75%         3
 Tukima's Dance           Hex            0%         N/A       75%         3
 Animate Armour           Summ/Erth      0%         N/A       98%         4
 Leda's Liquefaction      Hex/Erth       0%         N/A       98%         4
 Passage of Golubria      Tloc           0%         N/A       98%         4
 Sticky Flame             Conj/Fire      0%         2d3       98%         4
 Manifold Assault         Tloc           0%         N/A       100%        5
 Yara's Violent Unravell  Hex/Tmut       0%         3d3       100%        5
 Lehudib's Crystal Spear  Conj/Erth      0%         10d2      100%        8


Dungeon Overview and Level Annotations

Branches:
Dungeon (10/15)            Temple (0/1) D:7            Lair (0/5) D:10
    Orc (0/2) D:9

Altars:
Ashenzari
Elyvilon
Fedhas
Gozag
Hepliaklqana
Makhleb
Qazlal
Sif Muna
Wu Jian
Xom
Yredelemnul
The Shining One
Lugonu

Shops:
D:4 (   D:9 [

Portals:
Abyss: D:7

Annotations:
D:7 4 runed translucent doors, tykejmi's ghost, novice DEVM


Innate Abilities, Weirdness & Mutations

Your life essence is reduced to manifest your ancestor. (-10% HP)
You are partially covered in iridescent scales. (AC +2)
You expend magic power (3 MP) to strengthen your wands.


Message History

The smoke demon hits you but does no damage.
You barely miss the smoke demon.
The smoke demon is severely wounded.
The smoke demon misses you.
The smoke demon hits you but does no damage.
The smoke demon closely misses you. The smoke demon gestures at you.
Something smites you!
You hit the boulder beetle but do no damage.
The boulder beetle is lightly wounded.
The boulder beetle completely misses you.
The boulder beetle misses you.
You hit the boulder beetle but do no damage.
The boulder beetle is lightly wounded.
The boulder beetle leaps!
As you read the scroll of teleportation, it crumbles to dust.
You feel strangely unstable. The smoke demon gestures at you.
The sticky flame misses you. Something hits you!
The boulder beetle curls into a ball and begins rolling!
The smoke demon attacks as you move away!
The smoke demon misses you. The smoke demon barely misses you.
The smoke demon hits you but does no damage.
The eight-headed hydra attacks as you move away!
The eight-headed hydra barely misses you.
The eight-headed hydra bites you!
You block the eight-headed hydra's attack.
The eight-headed hydra bites you!
* * * LOW HITPOINT WARNING * * *
The eight-headed hydra bites you.
* * * LOW HITPOINT WARNING * * *
The eight-headed hydra bites you!
* * * LOW HITPOINT WARNING * * *
The eight-headed hydra bites you.
* * * LOW HITPOINT WARNING * * *
The eight-headed hydra bites you.
* * * LOW HITPOINT WARNING * * *
The smoke demon gestures at you. The ball of steam hits you!
You die...

#................####.. #.....
#..............###... #.....
#.............## ... #.....
###............####)## #.....
......######...#.#)†.# #.....
#####.#....#..##.'..# #.....
#.#....#..#3D#.## #.....
#.#....#..#.§### #....#
#####.#....#.##.@# #....#
...<..#....#.#...# #....#
#####.#....#.#...# #....#
#.'..[.'.#...# #....#
#.#.####.#.B.# #....#
#.#.#....##'############....#
#####.###.......................#
................................#
................................#


You could see a boulder beetle (rolling), an eight-headed hydra and a smoke
demon.

Vanquished Creatures
  Erolcha (D:10)
  2 two-headed ogres
  Pikel (D:8)
  A cyclops (D:10)
  2 trolls
  A meliai (shapeshifter) (D:10)
  Grinder (D:3)
  Sigmund (D:2)
  2 wraiths
  2 yaks (D:10)
  An acid dragon (D:8)
  2 orc warriors
  2 ice beasts (D:5)
  An ogre (D:10)
  2 wolves
  2 phantoms
  A kobold brigand (D:7)
  A bullfrog (D:7)
  3 scorpions
  3 howler monkeys
  A hound (D:6)
  A gnoll bouda (D:5)
  3 jellies
  2 orc priests
  5 iguanas
  2 orc wizards
  8 gnolls
  8 adders
  An ufetubus (D:5)
  3 worms
  3 dart slugs
  25 orcs
  6 ball pythons
  10 endoplasms
  3 giant cockroaches
  8 goblins
  5 hobgoblins
  15 jackals
  3 quokkas
  2 bats
  3 frilled lizards
  14 kobolds
  7 rats
170 creatures vanquished.

Vanquished Creatures (collateral kills)
  A two-headed ogre (D:8)
  Joseph (D:8)
  Maggie (D:9)
  Maurice (D:9)
  4 yaks (D:10)
  A wraith (D:10)
  Grum (D:9)
  3 orc warriors
  2 sky beasts (D:7)
  A black bear (D:5)
  3 ogres
  3 wolves (D:9)
  A phantom (D:6)
  2 bullfrogs
  3 wights (D:8)
  3 orc priests
  2 hounds
  A gnoll bouda (D:7)
  A jelly (D:6)
  3 iguanas
  4 orc wizards
  An adder (D:6)
  2 gnolls (D:7)
  10 orcs
  2 lurking horrors (D:7)
57 creatures vanquished.

Vanquished Creatures (others)
  A centaur warrior (D:10)
  2 knights
  A centaur simulacrum (D:10)
  8 plants
12 creatures vanquished.

Grand Total: 239 creatures vanquished

Notes
Turn   | Place    | Note
-------+----------+-------------------------------------------
     0 | D:1      | Gabide the Human Monk began the quest for the Orb.
     0 | D:1      | Reached XP level 1. HP: 18/18 MP: 1/1
   103 | D:1      | Reached XP level 2. HP: 9/24 MP: 2/2
  1106 | D:1      | Reached XP level 3. HP: 29/29 MP: 3/3
  1398 | D:2      | Found a faded altar of an unknown god.
  1578 | D:2      | Reached XP level 4. HP: 23/36 MP: 4/4
  1702 | D:2      | Noticed Sigmund
  1794 | D:2      | Killed Sigmund
  1795 | D:2      | Reached XP level 5. HP: 35/43 MP: 5/5
  1795 | D:2      | Reached XP level 6. HP: 40/49 MP: 6/6
  2794 | D:3      | Found a white marble altar of Elyvilon.
  2928 | D:3      | Noticed Grinder
  2973 | D:3      | Paralysed by Grinder for 2 turns
  2992 | D:3      | Gained mutation: You are weak. (Str -2) [potion of
                  | mutation]
  2992 | D:3      | Gained mutation: You have a pair of small horns on your
                  | head. [potion of mutation]
  2992 | D:3      | Gained mutation: You are partially covered in iridescent
                  | scales. (AC +2) [potion of mutation]
  2992 | D:3      | Gained mutation: You are covered in fur. (AC +1) [potion of
                  | mutation]
  3005 | D:3      | Killed Grinder
  3006 | D:3      | Reached skill level 5 in Fighting
  3006 | D:3      | Reached skill level 5 in Dodging
  3006 | D:3      | Reached XP level 7. HP: 32/56 MP: 7/7
  3214 | D:3      | HP: 1/56 [gnoll/+0 flail (6)]
  3570 | D:3      | Found a blossoming altar of Fedhas.
  3745 | D:3      | Lost mutation: You are weak. (Str -2) [potion of mutation]
  3745 | D:3      | Lost mutation: You have a pair of small horns on your head.
                  | [potion of mutation]
  3745 | D:3      | Lost mutation: You are covered in fur. (AC +1) [potion of
                  | mutation]
  3745 | D:3      | Gained mutation: You expend magic power (3 MP) to
                  | strengthen your wands. [potion of mutation]
  3783 | D:3      | Found an ornate altar of the Wu Jian Council.
  4093 | D:3      | Found a glowing golden altar of the Shining One.
  4666 | D:4      | Reached XP level 8. HP: 47/64 MP: 8/8
  4835 | D:4      | Found Otopt's Weapon Shop.
  5305 | D:4      | Found a shimmering altar of Xom.
  5322 | D:4      | Found a broken altar of Ashenzari.
  5322 | D:4      | Found a shimmering altar of Xom.
  5324 | D:4      | Found a white marble altar of Elyvilon.
  5324 | D:4      | Found an opulent altar of Gozag.
  5324 | D:4      | Found an ornate altar of the Wu Jian Council.
  5434 | D:5      | Entered Level 5 of the Dungeon
  5451 | D:5      | Reached skill level 1 in Ranged Weapons
  6738 | D:5      | Found a shimmering blue altar of Sif Muna.
  6822 | D:5      | Reached skill level 5 in Ranged Weapons
  6971 | D:5      | Noticed Edmund
  6981 | D:5      | Noticed Edmund
  6981 | D:5      | Edmund changed into Edmund the wolf
  6993 | D:5      | Killed Edmund the wolf
  6994 | D:5      | Reached skill level 1 in Armour
  6994 | D:5      | Reached XP level 9. HP: 62/69 MP: 3/9
  7074 | D:5      | Found a basalt altar of Yredelemnul.
  7074 | D:5      | Found a hazy altar of Hepliaklqana.
  7082 | D:5      | Became a worshipper of Hepliaklqana the Forgotten
  7082 | D:5      | Reached * piety under Hepliaklqana
  7082 | D:5      | Reached ** piety under Hepliaklqana
  7083 | D:5      | Remembered your ancestor Jopheufa as a knight
  7103 | D:5      | Reached skill level 1 in Invocations
  7138 | D:5      | Reached skill level 2 in Invocations
  7516 | D:6      | Reached skill level 3 in Invocations
  7554 | D:6      | Reached skill level 4 in Invocations
  7684 | D:6      | Reached skill level 5 in Invocations
  7869 | D:6      | Reached skill level 6 in Invocations
  8282 | D:7      | Found a staircase to the Ecumenical Temple.
  8385 | D:7      | Reached skill level 7 in Invocations
  8408 | D:7      | Found a corrupted altar of Lugonu.
  8641 | D:7      | Found a one-way gate to the infinite horrors of the Abyss.
  8722 | D:7      | Reached skill level 8 in Invocations
  8731 | D:7      | Reached XP level 10. HP: 67/68 MP: 16/16
  8801 | D:7      | Reached *** piety under Hepliaklqana
  8805 | D:7      | Found a large runed translucent door.
  8805 | D:7      | Found a large runed translucent door.
  8984 | D:7      | Found a large runed translucent door.
  8984 | D:7      | Found a large runed translucent door.
  8989 | D:7      | Noticed tykejmi's ghost (novice DEVM)
  9127 | D:7      | Found a burning altar of Makhleb.
  9234 | D:8      | Noticed a two-headed ogre
  9268 | D:8      | Noticed Joseph
  9853 | D:8      | Noticed Pikel
  9869 | D:8      | Killed Pikel
  9888 | D:8      | Noticed a two-headed ogre
  9908 | D:8      | Killed a two-headed ogre
 10017 | D:8      | Killed a two-headed ogre
 10018 | D:8      | Reached skill level 9 in Invocations
 10109 | D:8      | Found a stormy altar of Qazlal.
 10141 | D:8      | Killed Joseph
 10584 | D:9      | Found Rizul's Antique Armour Shoppe.
 10586 | D:9      | Noticed Grum
 10587 | D:9      | Found a staircase to the Orcish Mines.
 10596 | D:9      | Reached skill level 5 in Long Blades
 10598 | D:9      | Reached XP level 11. HP: 26/75 MP: 17/17
 10983 | D:9      | Killed Grum
 11092 | D:9      | Noticed Maggie
 11097 | D:9      | Killed Maggie
 11147 | D:9      | Noticed a two-headed ogre
 11155 | D:9      | Killed a two-headed ogre
 11169 | D:9      | Killed Maurice
 11435 | D:9      | Found a broken altar of Ashenzari.
 11542 | D:10     | Entered Level 10 of the Dungeon
 11727 | D:10     | Reached **** piety under Hepliaklqana
 11758 | D:10     | Found a staircase to the Lair.
 11788 | D:10     | Noticed Erolcha
 11824 | D:10     | Killed Erolcha
 12168 | D:10     | Reached skill level 10 in Invocations
 12249 | D:10     | Noticed a cyclops
 12249 | D:10     | Noticed a centaur warrior
 12251 | D:10     | Noticed a boulder beetle
 12253 | D:10     | Noticed an ogre mage
 12254 | D:10     | Killed a cyclops
 12254 | D:10     | Killed a centaur warrior
 12256 | D:10     | Noticed an eight-headed hydra
 12265 | D:10     | HP: 2/77 [eight-headed hydra (2)]
 12265 | D:10     | Killed from afar by a smoke demon

Illustrated notes

Levels and vault maps discovered:
D:1:      dpeg_arrival_windows_large_door, layout_loops_cross
D:2:      layout_rooms, serial_forest, infiniplex_forest_clump_medium,
          infiniplex_forest_straight_2, infiniplex_forest_pool,
          infiniplex_forest_straight_2, infiniplex_forest_clump_medium,
          infiniplex_forest_end_1, infiniplex_forest_straight_4,
          infiniplex_forest_clump_diagonal, infiniplex_forest_end_2,
          chequers_ecumenical_altar_lobes, eino_tiny_chamber, uniq_sigmund
D:3:      layout_rooms, nicolae_tso_carved_into_rock,
          nicolae_elyvilon_temple_path, fedhas_altar_1,
          lemuel_coloured_pillars_altar, grunt_ministairs_2, minmay_bisected,
          uniq_grinder
D:4:      kb_forest_paths, layout_loops_ring, doesnt_xom_only_xom, serial_shops,
          nicolae_diamond_shop, kennysheep_generic_room_4
D:5:      layout_basic, led_sif_pool, jmf_multi_god_temple,
          nicolae_concentric_dashed_squares_mild, uniq_edmund
D:6:      layout_rooms, nicolae_figureground_pulse
D:7:      layout_basic, lemuel_tele_altar, jmf_multi_god_temple2,
          minmay_temple_entry_large_hall, ebering_ghost_disaster_area,
          dk_noncrumbling_4, minmay_misc_feat_tower, minmay_misc_feat_diagonals,
          amcnicky_altar_lugonu_corruption
D:8:      layout_basic, mainiacjoe_overflow_alcove_2, uniq_joseph, uniq_pikel
D:9:      layout_big_octagon, lemuel_round_altar, david_orc_3,
          serial_column_ruins, column_ruins_square_small,
          column_ruins_corridor_straight, column_ruins_columns_plus,
          column_ruins_grid_1, column_ruins_open_small, column_ruins_open_large,
          column_ruins_columns_straight, serial_shops, nicolae_stop_n_shop_2,
          eino_curves_04, uniq_maggie, uniq_maurice, uniq_grum
D:10:     minmay_sliced_demisemicircle, layout_irregular_city, kennysheep_mini,
          lair_entry_dummy, nicolae_specific_store, grunt_ogre_cave,
          uniq_erolcha

Skill      XL: |  1  2  3  4  5  6  7  8  9 10 11 |
---------------+----------------------------------+-----
Stealth        | 3 |  3.0
Fighting       | 4 5 6 7 8 |  8.2
Polearms       | 4 |  4.0
Dodging        | 4 5 6 7 8 |  8.2
Ranged Weapons | 6 |  6.5
Armour         | 1 2 |  2.0
Invocations    | 8 9 10 | 10.2
Long Blades    | 5 8 |  8.2

Action                   |  1- 3 |  4- 6 |  7- 9 | 10-12 || total
-------------------------+-------+-------+-------+-------++-------
Melee: Spear             |   159 |   196 |   204 |       ||   559
       Punch             |     1 |     2 |     5 |       ||     8
       Headbutt          |       |     3 |    10 |       ||    13
       Great sword       |       |       |       |    78 ||    78
 Fire: Sling             |       |       |   328 |   111 ||   439
Throw: Dart              |     6 |     8 |     5 |     3 ||    22
Invok: Recall Ancestor   |       |       |     1 |     3 ||     4
       Ancestor Life: Kn |       |       |     1 |       ||     1
       Ancestor Identity |       |       |     1 |       ||     1
       Transference      |       |       |       |     2 ||     2
Evoke: Wand              |       |       |     2 |     9 ||    11
  Use: Potion            |     1 |     4 |     5 |       ||    10
       Scroll            |       |     4 |    12 |     5 ||    21
 Stab: Sleeping          |     9 |     2 |     7 |       ||    18
       Invisible         |     2 |     1 |       |       ||     3
       Distracted        |       |       |     1 |     2 ||     3
Armor: Robe              |    36 |    49 |    96 |    22 ||   203
       Steam dragon scal |       |       |       |     4 ||     4
Dodge: Dodged            |   121 |    96 |   298 |   112 ||   627
Block: Other             |       |       |       |    30 ||    30
